AoeStats
← huh?

Black Forest

509044584Analyzed
3v3 RM · 6d ago on Sep 25, 2026· 62m 10s· 6 players
Game mode
Random Map
Map size
Normal (6 player)
Population
200
Speed
Normal
Resources
Standard
Victory
Conquest
Starting age
Dark Age
Ending age
Imperial Age
RankedLock teamsTeams togetherTeam positionsShared explorationLock speedFull tech treeHidden civsTurbo modeCheats
Victory
Defeat
🇨🇴 Spanish · Colombia
836
+17
🇨🇴 Ethiopians · Colombia
836
+17
🇨🇴 Khmer · Colombia
832
+17
🇨🇳 Japanese · China
924
-20
🇨🇳 Khmer · China
888
-18
🇨🇳 Bohemians · China
751
-13
KH-6BKFA0
1:14 Loom
12:15 Feudal Age
13:54 Wheelbarrow
13:10 Double-Bit Axe
13:08 Horse Collar
17:59 Castle Age
16:28 Gold Mining
17:25 Stone Mining
18:56 Hand Cart
20:10 Stone Shaft Mining
24:13 Bow Saw
27:33 Town Watch
32:17 Imperial Age
29:49 Town Patrol
30:20 Fortified Wall
30:09 Pikeman
30:49 Squires
34:17 Chemistry
33:22 Caravan
34:31 Conscription
34:35 Heavy Plow
35:47 Two-Man Saw
36:02 Two-Man Saw
36:33 Forging
36:23 Scale Mail Armor
36:30 Scale Barding Armor
36:26 Padded Archer Armor
36:16 Fletching
38:12 Iron Casting
38:59 Hoardings
39:20 Chain Mail Armor
39:25 Chain Barding Armor
38:30 Elite Conquistador
41:11 Thumb Ring
40:27 Elite Skirmisher
40:34 Halberdier
42:16 Blast Furnace
41:31 Leather Archer Armor
42:50 Ballistics
42:41 Masonry
42:51 Bodkin Arrow
43:26 Plate Mail Armor
45:07 Plate Barding Armor
48:29 Ring Archer Armor
47:59 Bracer
53:40 Bloodlines
53:31 Husbandry
52:51 Light Cavalry
54:04 Hussar
55:19 Onager
Riverasdfg
0:33 Loom
15:32 Feudal Age
16:08 Double-Bit Axe
16:05 Horse Collar
22:13 Castle Age
22:14 Gold Mining
22:14 Stone Mining
23:06 Bow Saw
27:25 Stone Shaft Mining
27:24 Caravan
27:56 Coinage
28:13 Heavy Plow
35:39 Imperial Age
35:14 Gold Shaft Mining
35:30 Fortified Wall
37:38 Two-Man Saw
37:36 Wheelbarrow
38:40 Chemistry
38:11 Conscription
38:38 Crossbowman
39:23 Thumb Ring
40:32 Ballistics
39:45 Arbalester
44:20 Padded Archer Armor
44:10 Fletching
43:54 Heavy Scorpion
44:56 Squires
44:42 Arson
45:41 Halberdier
53:32 Heavy Camel Rider
56:00 Cavalier
56:41 Husbandry
57:46 Scale Barding Armor
57:52 Forging
59:38 Chain Barding Armor
KH-247HWU
1:05 Loom
13:49 Feudal Age
19:58 Castle Age
18:50 Horse Collar
18:59 Double-Bit Axe
21:19 Bow Saw
21:14 Heavy Plow
23:01 Wheelbarrow
23:58 Hand Cart
25:15 Gold Mining
25:15 Stone Mining
32:42 Imperial Age
32:25 Fortified Wall
32:18 Town Watch
32:45 Scale Barding Armor
33:59 Conscription
34:45 Double Crossbow
35:50 Chemistry
35:14 Ballistics
35:53 Crop Rotation
35:44 Husbandry
36:33 Tusk Swords
36:40 Town Patrol
37:36 Stone Shaft Mining
37:39 Gold Shaft Mining
37:36 Cavalier
38:27 Bloodlines
40:49 Elite Ballista Elephant
41:22 Heavy Scorpion
48:36 Chain Barding Armor
48:26 Forging
50:03 Pikeman
50:29 Arson
58:34 Light Cavalry
葛津津
11:46 Feudal Age
15:06 Castle Age
13:09 Horse Collar
16:24 Double-Bit Axe
21:15 Heavy Plow
26:19 Bow Saw
29:24 Gold Mining
29:29 Stone Mining
32:18 Imperial Age
30:29 Wheelbarrow
33:12 Hand Cart
33:43 Gold Shaft Mining
34:17 Stone Shaft Mining
34:35 Double Crossbow
34:00 Elite Ballista Elephant
35:00 Loom
35:22 Light Cavalry
36:20 Bloodlines
36:42 Conscription
37:08 Husbandry
37:37 Scale Barding Armor
37:45 Forging
37:55 Hussar
39:19 Ballistics
40:00 Chemistry
39:59 Caravan
42:41 Chain Barding Armor
42:59 Iron Casting
42:34 Siege Engineers
海恩.塞弗罗
13:00 Feudal Age
14:39 Wheelbarrow
14:26 Horse Collar
17:26 Castle Age
15:36 Double-Bit Axe
17:29 Wheelbarrow
16:45 Loom
31:40 Imperial Age
31:14 Hand Cart
30:44 Town Watch
32:51 Conscription
33:09 Squires
32:54 Gambesons
32:55 Arson
35:11 Hoardings
35:03 Kataparuto
36:03 Chemistry
35:25 Ballistics
36:02 Forging
35:52 Scale Mail Armor
38:02 Chain Mail Armor
42:53 Arrowslits
42:59 Guard Tower
43:21 Masonry
43:13 Yasama
43:49 Hoardings
42:41 Elite Samurai
44:12 Plate Mail Armor
44:18 Iron Casting
43:34 Fletching
44:27 Iron Casting
45:11 Keep
44:48 Fortified Wall
44:36 Murder Holes
44:23 Treadmill Crane
55:18 Elite Skirmisher
56:04 Thumb Ring
56:31 Caravan
60:05 Bodkin Arrow
huh?
1:53 Loom
14:35 Feudal Age
16:13 Wheelbarrow
15:27 Double-Bit Axe
15:31 Horse Collar
20:38 Town Watch
25:04 Castle Age
23:18 Town Watch
27:22 Bow Saw
27:14 Heavy Plow
29:32 Hand Cart
29:17 Town Patrol
31:15 Padded Archer Armor
34:16 Imperial Age
34:49 Elite Skirmisher
35:48 Leather Archer Armor
36:00 Conscription
36:45 Chemistry
36:07 Ballistics
36:19 Siege Engineers
35:51 Pikeman
37:05 Ring Archer Armor
39:56 Onager
41:00 Squires
40:23 Halberdier
43:03 Houfnice
43:42 Fletching
43:55 Scale Mail Armor
45:27 Wagenburg Tactics
55:44 Bodkin Arrow
56:05 Chain Mail Armor
56:07 Murder Holes
Connection lost

Rejoining the realm…

Still unreachable

The connection could not be restored.

Session expired

The server has moved on; the page needs a fresh start.